Map: Eternal Empire LE

Players

netras

  • Race: Protoss Protoss
  • League: Diamond
  • Spawn Location: 1:00

Massa - Winner!

  • Race: Terran Terran
  • League: Platinum
  • Spawn Location: 7:00

VOD

Have the link to the VOD?

Description

Time

  • Played on: Sept. 30, 2020, 3:42 p.m.
  • Length: 31:31
Show
View Real Time Build Order
Export as new Build Order

netras Protoss 

Build Orders: Dark Templar Rush 

Get SALT Encoding   

  12  0:00  Probe  
  13  0:12  Probe  
  14  0:19  Pylon  
  14  0:24  Probe  
  15  0:37  Probe (Chrono Boost)  
  15  0:39  Gateway  
  16  0:48  Probe (Chrono Boost)  
  17  0:51  Assimilator  
  17  0:53  Probe (Chrono Boost)  
  18  1:03  Probe  
  19  1:04  Assimilator  
  19  1:20  Gateway  
  19  1:26  Cybernetics Core  
  19  1:28  Probe  
  20  1:40  Probe  
  21  1:52  Probe  
  22  2:04  Probe  
  22  2:05  Warp Gate (Chrono Boost)  
  22  2:19  Probe  
  23  2:23  Pylon  
  23  2:34  Pylon  
  23  2:41  Stalker x2  
  27  2:55  Twilight Council  
  26  3:08  Pylon  
  26  3:11  Stalker x2  
  30  3:35  Dark Shrine  
  32  3:51  Stalker  
  32  4:08  Robotics Facility  
  32  4:11  Pylon  
  32  4:15  Stalker x2  
  36  4:18  Pylon  
  36  4:19  Nexus  
  36  5:22  Dark Templar  
  36  5:23  Dark Templar  
  36  5:27  Observer (Chrono Boost)  
  41  5:44  Observer  
  42  5:55  Pylon  
  42  5:59  Pylon  
  42  6:03  Dark Templar  
  44  6:04  Warp Prism (Chrono Boost)  
  46  6:29  Gateway  
  46  6:32  Probe  
  47  6:39  Probe, Forge  
  48  6:40  Shield Battery  
  48  6:44  Probe  
  49  6:51  Probe  
  49  6:56  Probe  
  48  7:13  Blink (Chrono Boost)  
  48  7:15  Dark Templar x2  
  46  7:44  Observer  
  46  7:48  Stalker x2  
  51  7:58  Probe x2  
  53  8:04  Assimilator  
  53  8:05  Protoss Ground Weapons Level 1 (Chrono Boost)  
  53  8:06  Observer  
  53  8:07  Assimilator  
  53  8:09  Photon Cannon  
  54  8:13  Photon Cannon  
  54  8:16  Photon Cannon  
  54  8:19  Stalker  
  56  8:20  Stalker  
  58  8:36  Probe x2  
  60  8:46  Nexus  
  60  8:48  Probe x2  
  46  9:00  Probe, Pylon  
  46  9:01  Dark Templar  
  49  9:06  Archon  
  49  9:08  Immortal (Chrono Boost), Stalker  
  51  9:26  Photon Cannon  
  51  9:28  Photon Cannon  
  51  9:30  Photon Cannon  
  51  9:33  Gateway  
  51  9:34  Gateway  
  51  9:45  Stalker x2  
  41  10:11  Dark Templar  
  39  10:17  Dark Templar  
  34  10:50  Dark Templar  
  34  10:53  Stalker  
  36  11:14  Probe  
  37  11:19  Probe  
  38  11:26  Probe  
  38  11:31  Probe  
  40  11:34  Photon Cannon  
  40  11:38  Probe  
  41  11:43  Stalker  
  43  11:58  Probe x2, Pylon  
  44  12:03  Immortal  
  48  12:09  Protoss Shields Level 1 (Chrono Boost)  
  48  12:10  Probe (Chrono Boost)  
  48  12:15  Probe x2 (Chrono Boost)  
  51  12:19  Probe (Chrono Boost), Photon Cannon  
  51  12:21  Shield Battery  
  54  12:23  Probe x2 (Chrono Boost), Shield Battery  
  54  12:24  Probe (Chrono Boost)  
  54  12:25  Shield Battery  
  54  12:29  Pylon  
  55  12:32  Pylon x2  
  55  12:34  Probe, Assimilator  
  56  12:38  Dark Templar  
  56  12:41  Charge (Chrono Boost)  
  58  12:52  Probe x2  
  58  12:53  Probe  
  58  12:55  Stalker  
  58  12:56  Stalker  
  58  12:58  Archon  
  65  13:03  Templar Archives  
  65  13:07  Gateway  
  65  13:12  Shield Battery  
  65  13:14  Pylon  
  65  13:17  Zealot  
  65  13:19  Zealot  
  69  13:24  Stalker  
  71  13:46  Probe x3  
  74  13:49  Pylon  
  74  13:51  Assimilator  
  74  13:54  Dark Templar  
  74  13:55  Dark Templar x2  
  80  13:56  Dark Templar  
  80  13:59  Archon x2  
  82  14:05  Psionic Storm  
  82  14:12  Protoss Ground Weapons Level 2  
  82  14:14  Observer  
  82  14:15  Zealot  
  84  14:22  Immortal  
  88  14:24  Probe x2  
  88  14:25  Probe  
  91  14:34  Photon Cannon  
  91  14:36  Probe, Shield Battery  
  91  14:37  Probe  
  92  14:39  Zealot  
  92  14:40  Zealot  
  96  14:47  Zealot x2  
  100  15:03  High Templar  
  100  15:04  High Templar x2  
  102  15:18  Probe x3  
  101  15:28  High Templar  
  101  15:29  High Templar  
  101  15:30  Probe x2  
  107  15:40  Dark Templar x2  
  111  15:45  Shadow Stride  
  111  15:54  Zealot  
  113  15:57  Observer  
  114  16:18  Observer  
  115  16:31  Shield Battery  
  115  16:33  Photon Cannon  
  115  16:35  Zealot x3  
  115  16:36  Pylon, Zealot x2  
  125  16:40  Observer  
  96  17:04  Stalker x3  
  96  17:05  Stalker  
  102  17:21  High Templar  
  104  17:39  High Templar x4  
  108  18:00  Nexus  
  108  18:03  Pylon  
  108  18:06  Pylon  
  108  18:08  Assimilator  
  108  18:10  Stargate  
  108  18:11  Stargate  
  108  18:13  Assimilator  
  108  18:14  Stargate  
  108  18:18  Zealot x4  
  108  18:19  Zealot  
  118  18:33  Probe x3  
  121  18:38  Shield Battery  
  121  18:40  Photon Cannon  
  121  18:41  Shield Battery  
  121  18:43  Photon Cannon, Stalker  
  121  18:44  Stalker x2  
  121  18:45  Photon Cannon, Stalker x2  
  121  18:47  Photon Cannon  
  131  18:49  Shield Battery  
  131  19:12  Fleet Beacon  
  131  19:15  Zealot x2  
  131  19:16  Zealot x2  
  95  19:59  Stalker x3  
  101  20:00  Stalker x2  
  101  20:04  Tempest x2  
  101  20:05  Tempest  
  120  20:11  Probe x3  
  123  20:23  Stalker x4  
  131  20:30  Gateway  
  131  20:32  Gateway  
  131  20:37  Dark Templar  
  133  20:45  Gateway  
  133  20:46  Gateway  
  133  20:47  Tempest (Chrono Boost)  
  133  20:48  Gateway  
  138  20:51  Gateway  
  138  20:53  Gateway  
  138  20:54  Protoss Shields Level 2 (Chrono Boost), Zealot x2  
  138  20:55  Zealot x2  
  138  20:56  Gateway  
  146  21:05  Carrier (Chrono Boost)  
  152  21:12  Protoss Air Weapons Level 1 (Chrono Boost)  
  152  21:16  Zealot  
  152  21:17  Zealot x4  
  162  21:22  Observer  
  163  21:27  Zealot x2  
  167  21:41  Zealot  
  167  21:42  Zealot x3  
  167  21:44  Observer  
  167  21:46  Zealot x2  
  167  21:47  Zealot x3  
  178  21:57  Zealot, Dark Templar  
  178  21:58  Dark Templar x2  
  172  22:08  Stalker x3  
  178  22:16  Photon Cannon  
  178  22:39  Carrier (Chrono Boost)  
  184  23:01  Stalker x2  
  187  23:18  Pylon  
  186  23:20  Pylon  
  186  23:21  Pylon  
  186  23:22  Pylon  
  186  23:36  Observer, Carrier  
  192  23:51  Observer  
  184  24:57  Tempest x3  
  145  25:33  Zealot x4  
  145  25:34  Zealot x4  
  145  25:35  Zealot x2  
  134  25:45  Zealot  
  134  25:46  Zealot  
  120  26:05  Immortal  
  112  26:22  Tempest x2  
  112  26:23  Tempest  
  125  26:34  Zealot x4  
  132  26:44  Immortal  
  136  26:52  Zealot  
  136  26:53  Zealot x4  
  136  26:54  Zealot  
  148  27:11  High Templar x3  
  148  27:12  High Templar  
  156  27:20  Assimilator  
  156  27:24  Pylon, Immortal  
  156  27:26  Pylon  
  156  27:29  Assimilator  
  144  28:03  Immortal  
  148  28:09  Zealot x5  
  148  28:10  Zealot  
  158  28:42  Immortal  
  153  29:21  Immortal  
  153  29:23  Dark Templar  
  153  29:24  Dark Templar x3  
  161  29:25  Dark Templar x3  
  161  29:29  Nexus  
  161  29:30  Pylon  
  171  29:31  Pylon  
  171  29:33  Pylon  
  143  30:01  Immortal  
  94  30:25  Zealot  
  94  30:26  Zealot x5  
  94  30:27  Zealot  
  90  30:31  Dark Templar  
  73  30:40  Immortal  
  71  30:43  Dark Templar  
  71  30:46  Dark Templar  
  73  30:56  Dark Templar  
  67  31:05  Zealot  
  67  31:06  Sentry  
  64  31:12  High Templar  
  58  31:21  High Templar  
  60  31:26  Archon  
Show
View Real Time Build Order
Export as new Build Order

Massa Terran - Winner!

Build Orders:  

Get SALT Encoding   

  12  0:00  SCV  
  13  0:12  SCV  
  14  0:18  Supply Depot  
  14  0:25  SCV  
  15  0:40  SCV  
  15  0:41  Barracks  
  16  0:51  Refinery  
  16  0:52  SCV  
  17  1:04  SCV  
  18  1:16  SCV  
  19  1:28  SCV  
  20  1:35  Reaper  
  21  1:40  SCV  
  22  1:47  Command Center  
  22  1:52  Orbital Command  
  21  2:15  Marine  
  22  2:20  Factory  
  22  2:21  SCV  
  23  2:28  Supply Depot  
  23  2:41  Command Center  
  23  2:50  Barracks Reactor, SCV  
  24  3:02  SCV  
  25  3:11  Starport  
  25  3:14  SCV  
  25  3:18  Orbital Command  
  26  3:34  Barracks  
  26  3:35  Barracks Tech Lab, SCV  
  27  3:42  Refinery  
  27  3:43  Hellion x2  
  27  3:46  SCV  
  27  3:47  SCV  
  33  3:58  SCV  
  33  4:02  Bunker  
  33  4:04  Hellion  
  33  4:05  Hellion  
  33  4:06  Marauder  
  39  4:10  Orbital Command  
  39  4:14  Stimpack  
  39  4:19  SCV x2  
  41  4:27  Marauder  
  41  4:28  Engineering Bay  
  43  4:31  SCV  
  43  4:33  Medivac  
  44  4:49  Hellion x2  
  45  5:04  Barracks Reactor  
  38  5:10  Hellion x2  
  41  5:19  Terran Infantry Weapons Level 1  
  39  5:21  Medivac  
  39  5:23  Marauder  
  43  5:30  SCV  
  42  5:43  SCV  
  42  5:44  Marine x2  
  45  5:52  Supply Depot  
  45  5:53  Combat Shield, Supply Depot  
  45  6:01  Orbital Command, Marine  
  46  6:07  Marine  
  46  6:08  Widow Mine x2  
  46  6:09  Marauder  
  43  6:15  Supply Depot  
  41  6:19  Marine  
  41  6:24  Starport Tech Lab  
  41  6:25  Marine  
  43  6:29  Widow Mine  
  45  6:37  Marine  
  45  6:38  Marauder  
  48  6:43  Marine  
  49  6:55  Marine  
  49  6:56  Widow Mine x2  
  49  6:59  Marauder  
  49  7:00  Marine  
  53  7:01  Missile Turret  
  53  7:05  Armory  
  53  7:10  Engineering Bay  
  53  7:13  Terran Infantry Armor Level 1, Marine  
  52  7:17  Widow Mine  
  52  7:18  Marine  
  54  7:23  Missile Turret  
  52  7:34  Orbital Command  
  50  7:45  Missile Turret  
  50  7:59  Missile Turret  
  50  8:01  Concussive Shells  
  50  8:03  Marauder, Marine x2  
  54  8:13  Missile Turret  
  54  8:19  Sensor Tower  
  54  8:21  Marine x2  
  54  8:24  Marauder  
  58  8:29  Terran Infantry Weapons Level 2  
  58  8:32  Medivac  
  60  8:39  Marine x2  
  62  8:45  Marauder  
  63  8:51  Orbital Command  
  63  8:56  SCV  
  64  9:07  Bunker  
  64  9:08  SCV  
  65  9:20  SCV, Viking  
  68  9:28  SCV  
  69  9:32  SCV  
  69  9:34  Missile Turret  
  70  9:47  Supply Depot  
  70  9:51  SCV  
  70  9:52  SCV, Viking  
  70  9:53  Supply Depot  
  70  9:54  Widow Mine  
  70  9:59  Widow Mine  
  69  10:04  SCV  
  63  10:15  Widow Mine  
  53  11:17  SCV x2  
  55  11:24  Command Center  
  53  11:28  Marauder, Marine x2  
  53  11:29  SCV x2, Command Center  
  59  11:35  Missile Turret  
  59  11:41  SCV  
  59  11:46  Marine x2  
  62  11:49  Marauder  
  62  11:55  Refinery  
  62  11:58  Refinery  
  62  12:04  Marine x2  
  64  12:10  Marauder  
  66  12:17  Supply Depot  
  66  12:18  Supply Depot  
  66  12:19  Supply Depot  
  66  12:21  Marine  
  66  12:22  Marine  
  68  12:24  Medivac  
  70  12:32  Terran Infantry Armor Level 2, Marauder  
  72  12:39  Marine  
  72  12:40  Supply Depot  
  72  12:43  Missile Turret, Supply Depot  
  73  12:47  Widow Mine x2  
  73  12:50  Marine  
  78  12:53  Marauder  
  78  12:57  Marine  
  81  13:03  Orbital Command  
  81  13:07  SCV x2  
  81  13:08  Marine  
  84  13:14  Marauder  
  86  13:36  Marauder  
  86  13:37  Marine x2  
  90  13:42  Factory Tech Lab, Barracks  
  90  13:55  Marine x2, Ghost Academy  
  92  13:56  Terran Infantry Weapons Level 3  
  92  13:57  Marauder  
  92  13:59  Orbital Command  
  92  14:01  Siege Tank  
  97  14:07  Barracks  
  97  14:10  Terran Vehicle And Ship Armor Level 1  
  97  14:13  SCV x3, Marine x2  
  102  14:19  Marauder  
  104  14:25  SCV x3  
  104  14:30  Marine  
  104  14:31  Marine  
  109  14:33  Siege Tank  
  112  14:40  Marauder  
  112  14:45  Medivac x2  
  118  14:48  Barracks Reactor, Marine x2  
  120  14:57  Barracks Tech Lab, Factory  
  120  15:01  Marauder  
  120  15:05  Siege Tank  
  120  15:06  Marine x2  
  126  15:15  Medivac x2  
  130  15:23  Marauder  
  132  15:40  SCV  
  132  15:41  SCV x2  
  135  15:44  Marauder  
  135  15:49  Terran Infantry Armor Level 3  
  137  15:51  Orbital Command  
  137  15:53  SCV x3, Marauder, Marine x2  
  137  15:54  Marine x2  
  146  16:04  Terran Vehicle Weapons Level 1  
  146  16:05  SCV x3  
  146  16:06  Marauder  
  151  16:11  Marine x3  
  151  16:14  Marauder  
  156  16:28  Command Center  
  156  16:31  Supply Depot  
  156  16:33  Supply Depot  
  156  16:47  SCV x2  
  156  16:49  Marauder  
  156  16:50  SCV  
  156  16:51  SCV, Marauder  
  156  16:53  Supply Depot  
  151  16:56  Supply Depot  
  136  17:02  SCV  
  136  17:04  Marine  
  136  17:05  Marine  
  136  17:07  Factory Tech Lab, Thor  
  145  17:10  Marauder  
  147  17:18  Supply Depot x2  
  147  17:22  Ghost  
  147  17:25  Marine x4  
  151  17:32  Marauder, Supply Depot  
  151  17:34  Supply Depot  
  153  17:41  Supply Depot x2  
  153  17:42  Marine  
  153  17:43  Marine x3  
  157  17:50  Thor  
  157  17:51  Ghost  
  163  17:53  Marauder  
  163  17:57  Supply Depot  
  167  17:59  Medivac x2, Supply Depot  
  167  18:05  Supply Depot  
  171  18:09  Refinery  
  171  18:10  Refinery  
  171  18:14  Marauder  
  173  18:20  Missile Turret  
  173  18:21  Refinery  
  173  18:22  Missile Turret  
  173  18:23  Refinery  
  173  18:29  Medivac  
  175  18:41  Missile Turret  
  175  18:43  SCV x2  
  175  18:44  SCV x2  
  179  18:54  Planetary Fortress  
  179  18:55  SCV x2  
  179  18:56  SCV x2  
  183  19:07  SCV  
  183  19:08  SCV  
  157  19:57  SCV x4  
  157  19:58  SCV  
  149  20:00  Ghost x2  
  149  20:02  Marine x4  
  149  20:04  Thor x2  
  169  20:21  Marine x4, Command Center  
  173  20:29  Barracks x2, Ghost x2  
  173  20:30  Barracks  
  177  20:36  Barracks  
  177  20:39  Marine x4  
  177  20:41  Factory  
  181  20:46  Thor  
  187  20:52  Medivac x2  
  187  20:56  Marine  
  192  20:57  Ghost, Marine x3  
  192  20:58  Marine  
  198  21:15  Smart Servos  
  198  21:22  Medivac  
  166  22:08  Missile Turret  
  166  22:12  Missile Turret x2  
  166  22:13  Factory Tech Lab  
  166  22:16  Thor x2  
  166  22:20  Terran Vehicle And Ship Armor Level 2  
  178  22:24  Orbital Command  
  178  22:27  Armory  
  178  22:37  SCV x3  
  178  22:38  SCV x2  
  183  22:49  SCV x3  
  183  22:50  SCV  
  187  22:59  Thor x2  
  199  23:34  Terran Vehicle Weapons Level 2  
  199  23:38  Drilling Claws  
  199  23:40  Infernal Pre-Igniter  
  196  24:24  Enhanced Shockwaves  
  150  25:37  Marauder x2, Marine  
  150  25:38  Marine x3  
  151  25:42  Personal Cloaking  
  141  25:54  Thor x3  
  159  25:58  Marauder  
  159  25:59  Marauder  
  163  26:09  Marine  
  163  26:10  Marine x3  
  161  26:14  Barracks Reactor  
  161  26:15  Barracks Reactor  
  155  26:20  Marauder x2  
  159  26:27  Barracks Tech Lab, Marine x3  
  159  26:28  Marine  
  151  26:36  Thor  
  151  26:37  Thor x2  
  157  26:41  Marauder x2  
  157  26:45  Marine x4  
  157  26:47  Command Center  
  157  26:56  Refinery  
  157  26:58  Refinery  
  157  27:02  Marauder, Missile Turret  
  157  27:03  Marauder, Marine x4, Missile Turret  
  157  27:06  Missile Turret  
  160  27:09  Missile Turret  
  157  27:19  Thor  
  163  27:24  Marauder x2  
  162  27:53  Marauder x3, Marine  
  162  27:54  Marine x7  
  168  28:00  Planetary Fortress  
  166  28:11  Marine, Thor x3  
  166  28:12  Marine x7  
  192  28:14  Marauder  
  192  28:15  Marauder x2  
  198  28:29  Marine x2  
  198  28:30  Marine  
  184  28:36  Marauder x3  
  188  28:54  Thor x2  
  200  29:11  Refinery  
  200  29:22  Command Center  
  200  29:26  Unknown  
  129  30:21  Marauder x2  
  129  30:22  Marauder  
  129  30:23  Marine x8  
  131  30:32  Thor x3  
  137  30:40  Marine  
  137  30:41  Marine x6  
  144  30:43  Marauder x3  
  146  31:04  Marauder x3  
  146  31:08  Marine x8  
Tags
 
Add a new tag
Caveats
  • Supply blocks, unpowered buildings, or Contaminate may cause inaccurate times.
  • Supply counts are checked every 10 seconds.